 Dungeon Crawl Stone Soup version 0.21-a0-67-g3f13d09 (webtiles) character file.

121 useraccount the Sneak (level 5, -1/36 HPs)
             Began as an Octopode Monk on June 17, 2017.
             Slain by Grinder (10 damage)
             ... on level 3 of the Dungeon.
             The game lasted 00:02:10 (1914 turns).

useraccount the Sneak (Octopode Monk)               Turns: 1914, Time: 00:02:11

Health: -1/36      AC:  1    Str: 11    XL:     5   Next: 5%
Magic:  5/5        EV: 15    Int: 12    God:
Gold:   98         SH:  0    Dex: 15    Spells: 4/4 levels left

rFire    . . .     SeeInvis .     - Unarmed
rCold    . . .     Gourm    .   (no shield)
rNeg     . . .     Faith    .   (helmet restricted)
rPois    .         Spirit   .   (no amulet)
rElec    .         Reflect  .   (no ring)
rCorr    .         Harm     .   (no ring)
MR       .....                  (no ring)
Stlth    ++++......             (no ring)
HPRegen  0.12/turn              (no ring)
MPRegen  0.09/turn              (no ring)
                                (no ring)
                                (no ring)

@: no status effects
A: almost no armour, stealthy swim, amphibious, 8 rings, constrict 8, camouflage
1, gelatinous body 1
a: no special abilities


You were on level 3 of the Dungeon.
You were not hungry.

You visited 1 branch of the dungeon, and saw 3 of its levels.

You collected 98 gold pieces.

Inventory:

Wands
 o - a wand of digging (12/24)
Scrolls
 b - 5 scrolls of identify {unknown}
 e - 2 scrolls of teleportation {unknown}
 f - a scroll of magic mapping {unknown}
 j - a scroll of immolation {unknown}
 k - a scroll of recharging {unknown}
 l - 2 scrolls of enchant weapon {unknown}
Potions
 c - a potion of brilliance {unknown}
 d - a potion of agility {unknown}
 m - 3 potions of curing {unknown}
 n - a potion of berserk rage {unknown}
Comestibles
 a - 2 bread rations
 g - a meat ration
 h - 2 chunks of flesh
 i - a royal jelly


   Skills:
 + Level 3.4 Fighting
 + Level 3.4 Dodging
 + Level 4.6 Stealth
 * Level 4.1 Unarmed Combat


You had 4 spell levels left.
You didn't know any spells.

Dungeon Overview and Level Annotations

Branches:
Dungeon (3/15)

Altars:
Dithmenos

Annotations:
D:3 Grinder


Innate Abilities, Weirdness & Mutations

You cannot wear most types of armour.
You are very stealthy in the water. (Stealth+)
You are amphibious.
You can wear up to eight rings at the same time.
You can use your tentacles to constrict eight enemies at once.
Your skin changes colour to match your surroundings (Stealth+).
Your rubbery body absorbs attacks. (AC +1, EV +1)


Message History

You barely miss Grinder.
Grinder is heavily wounded.
You constrict Grinder. Grinder hits you!
* * * LOW HITPOINT WARNING * * *
You barely miss Grinder.
Grinder is heavily wounded.
You constrict Grinder, but do no damage.
Grinder closely misses you.
You tentacle-slap Grinder.
Grinder is heavily wounded.
You constrict Grinder.
Grinder says, "Don't move a muscle."
Grinder struggles to blink free from constriction.
You tentacle-slap Grinder.
Grinder is severely wounded.
You constrict Grinder. Grinder completely misses you.
You tentacle-slap Grinder.
Grinder is almost dead.
You constrict Grinder. Grinder hits you!
You die...

#...........##.......
#.?.....[...##....#..
#...........##.##.#.(
#......)....## #.#..
#...........# #....
#...........# ......#
#...........#..##....
#...........#. #.###
#..5@.......+ #. #
#...........# #. #
...............# .
.....######......# #
..... ######## ####


You could see Grinder.

Vanquished Creatures
  4 adders
  3 oozes
  A worm (D:2)
  A dart slug (D:1)
  5 leopard geckos
  An orc (D:3)
  2 giant cockroaches
  5 goblins
  4 hobgoblins (D:1)
  9 jackals (D:3)
  A ball python (D:1)
  6 bats
  5 frilled lizards
  8 kobolds
  6 rats
61 creatures vanquished.

Notes
Turn   | Place    | Note
-------+----------+-------------------------------------------
     0 | D:1      | useraccount the Octopode Monk began the quest for the Orb.
     0 | D:1      | Reached XP level 1. HP: 16/16 MP: 1/1
   213 | D:1      | Reached XP level 2. HP: 20/21 MP: 2/2
   520 | D:1      | Reached XP level 3. HP: 18/26 MP: 3/3
   946 | D:2      | Found a shadowy altar of Dithmenos.
  1052 | D:2      | Reached XP level 4. HP: 27/31 MP: 4/4
  1735 | D:3      | Reached XP level 5. HP: 30/36 MP: 5/5
  1889 | D:3      | Noticed Grinder
  1903 | D:3      | Paralysed by Grinder for 3 turns
  1914 | D:3      | Slain by Grinder

Vault maps used:
D:1:      eino_arrival_cavern_b, serial_forest, infiniplex_forest_lined_2,
          infiniplex_forest_lined_4_way, infiniplex_forest_straight_3,
          infiniplex_forest_clump_curved, infiniplex_forest_end_3,
          infiniplex_forest_corner_1, infiniplex_forest_lined_2,
          infiniplex_forest_straight_1, infiniplex_forest_clump_cross,
          infiniplex_forest_clump_C, minmay_fountain_box
D:2:      nicolae_dithmenos_shadow_blocks, minmay_unequal
D:3:      uniq_grinder

Skill      XL: |  1  2  3  4 |
---------------+-------------+-----
Stealth        | 3 4 |  4.6
Unarmed Combat | 4 |  4.1
Fighting       | |  3.4
Dodging        | |  3.4

Action                   |  1- 3 |  4- 6 || total
-------------------------+-------+-------++-------
Melee: Unarmed           |    52 |    85 ||   137
       Constrict         |    17 |    22 ||    39
       Tentacles         |    11 |     7 ||    18
       Punch             |     1 |     3 ||     4
 Stab: Sleeping          |    10 |     6 ||    16
  Eat: Chunk             |       |     3 ||     3
Armor: Skin              |       |     2 ||     2
Dodge: Dodged            |    20 |    65 ||    85
